 Dungeon Crawl Stone Soup version 0.29.1-12-g30fa7ad0bf (webtiles) character file.

Game seed: 6807199031390382493

23 wormed the Trooper (level 3, 0/33 HPs)
             Began as a Hill Orc Fighter on Dec 24, 2022.
             Succumbed to an adder's poison
             ... on level 2 of the Dungeon.
             The game lasted 00:01:44 (792 turns).

wormed the Trooper (Hill Orc Fighter)                Turns: 792, Time: 00:01:45

Health: 0/33       AC:  6    Str: 20    XL:     3   Next: 0%
Magic:  3/3        EV:  9    Int:  8    God:
Gold:   50         SH:  4    Dex: 10    Spells: 2/2 levels left

rFire   . . .      SeeInvis .   a - +1 war axe
rCold   . . .      Faith    .   c - +0 buckler
rNeg    . . .      Spirit   .   b - +0 scale mail
rPois   .          Reflect  .   (no helmet)
rElec   .          Harm     .   (no cloak)
rCorr   .          Rampage  .   (no gloves)
Will    .....                   (no boots)
Stlth   ..........              (no amulet)
HPRegen 0.11/turn               (no ring)
MPRegen 0.08/turn               (no ring)

@: lethally poisoned (0 -> -3), invisible
A: no striking features
a: no special abilities


You were on level 2 of the Dungeon.
You visited 1 branch of the dungeon, and saw 2 of its levels.

You collected 50 gold pieces.

Inventory:

Hand Weapons
 a - a +1 war axe (weapon)
Armour
 b - a +0 scale mail (worn)
 c - a +0 buckler (worn)
Scrolls
 g - a scroll of teleportation {unknown}
 i - a scroll of poison {unknown}
Potions
 d - a potion of might


   Skills:
 + Level 4.0 Fighting
 + Level 3.2 Axes
 + Level 3.6 Armour
 + Level 3.6 Shields


You had 2 spell levels left.
You didn't know any spells.
Your spell library was empty.

Dungeon Overview and Level Annotations

Branches:
Dungeon (1/15)

Altars:

Shops:
D:1 =


Message History

The endoplasm hits you but does no damage.
You are too injured to fight recklessly!
You are too injured to fight recklessly!
You are too injured to fight recklessly!
You are too injured to fight recklessly!
You are too injured to fight recklessly!
You are too injured to fight recklessly!
There are monsters nearby!
You miss the adder. You hit the endoplasm but do no damage.
The adder bites you.
You are poisoned.
The adder poisons you!
The endoplasm hits you but does no damage.
The adder bites you but does no damage.
You barely miss the adder. You hit the endoplasm.
You kill the endoplasm!
You feel sick. The adder bites you.
* * * LOW HITPOINT WARNING * * *
You have reached level 3!
Your experience leads to an increase in your attributes!
Increase (S)trength, (I)ntelligence, or (D)exterity?
You feel stronger. x2
It was a potion of invisibility.
You fade into invisibility!
You feel sick. The adder closely misses you. The adder barely misses you.
You miss the adder.
You feel sick. You block the adder's attack.
You miss the adder.
You feel sick.
You are no longer poisoned.
The adder closely misses you. The adder bites you.
* * * LOW HITPOINT WARNING * * *
You are lethally poisoned!
The adder poisons you!
As you read the scroll labelled YGU ABOMITOLL, it crumbles to dust.
It is a scroll of enchant weapon.
Your +0 war axe glows red for a moment.
* * * LOW HITPOINT WARNING * * *
You feel sick. The adder closely misses you.
As you read the scroll labelled GEECANL PACVOO, it crumbles to dust.
You feel aware of your surroundings.
It was a scroll of magic mapping.
You die...

######.### ###,,,,*** *,,**
*,* #.# #..,**** *,,,*
#.##*#.## #.#** ****,*,*
#....#..# #.# **,,,,*,*
*,*#....######.## **,,****,*
#.#####..[......# **,,** *,,
..# ####......# *,,** **,
.## ****####...####***,**
*,, ,# *,,,,* ##..@..#*,,,*
*,* **
*,,,,***#.S...#*,****** *,*
**
*,,,,,....##.....,,,,,****,*
.*
*,,,.....##*.#....>,,,,,,,,,
.#
****###..,,*.....##,,,,*,***
.#**
**#..#,,,.(.....,,,,,,,,,
,.,*
****...#****.##.#..,,,,,,,,,
**.***,,,.##*
*..,,,..,***,,,**
,,,**,,**** ******,,*****
***<,,


You could see an adder (unable to see you).

Vanquished Creatures
  A dart slug (D:2)
  3 ball pythons
  4 endoplasms
  2 giant cockroaches (D:1)
  3 hobgoblins
  A quokka (D:2)
  3 frilled lizards (D:1)
  A kobold (D:1)
18 creatures vanquished.

Vanquished Creatures (others)
  6 toadstools (D:2)
6 creatures vanquished.

Grand Total: 24 creatures vanquished

Notes
Turn   | Place    | Note
-------+----------+-------------------------------------------
     0 | D:1      | wormed the Hill Orc Fighter began the quest for the Orb.
     0 | D:1      | Reached XP level 1. HP: 19/19 MP: 1/1
     3 | D:1      | Found Bicim's Jewellery Boutique.
   254 | D:1      | Reached XP level 2. HP: 24/27 MP: 2/2
   442 | D:1      | Found a faded altar of an unknown god.
   574 | D:1      | You fall into a shaft and drop 1 floor!
   772 | D:2      | Reached skill level 4 in Fighting
   788 | D:2      | Reached XP level 3. HP: 8/33 MP: 3/3
   791 | D:2      | HP: 1/33 [poisoned by an adder]
   792 | D:2      | Succumbed to an adder's poison

Illustrated notes

Levels and vault maps discovered:
D:1:      lightli_arrival_chessboard, layout_basic,
          ebering_ecumenical_altar_abandoned, serial_shops, shop
D:2:      layout_rooms, minmay_gold_behind_fungi, minmay_misc_feat_more_columns,
          minmay_curled_crystal

Skill      XL: |  1  2 |
---------------+-------+-----
Axes           | 3 |  3.2
Fighting       | 4 |  4.0
Armour         | |  3.6
Shields        | |  3.6

Action                   || total
-------------------------++-------
Melee: War axe           ||    54
  Use: Scroll            ||     2
       Potion            ||     1
Armor: Scale mail        ||    21
Dodge: Dodged            ||    28
Block: Buckler           ||    11
